AoeStats
← Comend x comend

Nomad

507204101Analyzed
4v4 RM · 15d ago on Sep 17, 2026· 38m 51s· 8 players
Game mode
Random Map
Map size
231×231
Population
200
Speed
Normal
Resources
Standard
Victory
Conquest
Starting age
Dark Age
Ending age
Imperial Age
RankedLock teamsTeams togetherTeam positionsShared explorationLock speedFull tech treeHidden civsTurbo modeCheats
Victory
Defeat
🇵🇪 Britons · Peru
1355
+12
🇺🇸 Vietnamese · United States
1329
+13
🇪🇨 Koreans · Ecuador
1300
+14
🇦🇷 Spanish · Argentina
1298
+14
🇨🇳 Spanish · China
1314
-15
🇯🇵 Japanese · Japan
1291
-14
🇭🇰 Khitans · Hong Kong SAR China
1236
-12
1225
-12
hirai
5:28 Loom
12:41 Feudal Age
13:28 Double-Bit Axe
17:08 Forging
17:50 Wheelbarrow
17:01 Town Watch
21:44 Castle Age
25:42 Medium Warships
25:58 Bow Saw
25:43 Fishing Lines
26:23 Horse Collar
26:51 Gillnets
28:09 Stone Mining
31:37 Fletching
31:48 Padded Archer Armor
32:56 Yasama
35:02 Guard Tower
36:16 Hand Cart
36:57 Bodkin Arrow
41:35 Imperial Age
Hbx_蒙古国海军司令
2:57 Loom
13:20 Feudal Age
14:57 Fishing Lines
18:12 Castle Age
16:03 Double-Bit Axe
20:44 Bow Saw
25:54 Wheelbarrow
25:18 Gold Mining
30:51 Husbandry
32:28 Hand Cart
34:12 Gillnets
34:58 Scale Barding Armor
35:03 Forging
37:06 Chain Barding Armor
38:31 Iron Casting
神山菊花
6:29 Loom
13:01 Feudal Age
13:34 Double-Bit Axe
14:35 Fishing Lines
16:00 Town Watch
16:54 Forging
22:14 Wheelbarrow
22:22 Scale Barding Armor
27:43 Castle Age
26:08 Padded Archer Armor
30:44 Fletching
31:33 Iron Casting
31:08 Thumb Ring
30:25 Light Cavalry
31:06 Husbandry
32:29 Bow Saw
35:26 Elite Skirmisher
36:02 Bodkin Arrow
37:50 Leather Archer Armor
木
13:29 Feudal Age
14:28 Double-Bit Axe
19:37 Castle Age
17:43 Scale Mail Armor
19:23 Forging
19:40 Horse Collar
20:53 Medium Warships
21:05 Loom
21:56 Wheelbarrow
21:43 Town Watch
22:14 Fishing Lines
23:32 Chain Mail Armor
26:59 Gillnets
35:00 Imperial Age
34:17 Hand Cart
34:51 Padded Archer Armor
35:42 Heavy Plow
35:57 Bow Saw
37:27 Leather Archer Armor
38:11 Conscription
Dark Magician
5:00 Loom
14:03 Feudal Age
18:33 Castle Age
16:45 Double-Bit Axe
20:53 Fletching
20:53 Horse Collar
22:34 Bow Saw
22:32 Heavy Plow
24:24 Scale Mail Armor
25:29 Squires
27:08 Chain Mail Armor
29:47 Wheelbarrow
28:44 Elite Skirmisher
31:02 Bodkin Arrow
31:08 Padded Archer Armor
33:11 Gold Mining
38:15 Imperial Age
36:16 Forging
37:41 Arson
38:26 Town Watch
38:56 Hand Cart
39:01 Leather Archer Armor
39:24 Iron Casting
38:33 Elite Fire Lancer
[ECU] PALADINFRANCO
4:40 Loom
13:28 Feudal Age
14:24 Double-Bit Axe
27:32 Castle Age
25:52 Gold Mining
27:27 Wheelbarrow
33:48 Fletching
37:12 Bodkin Arrow
NachoRZ
5:47 Loom
13:12 Feudal Age
17:03 Castle Age
18:03 Double-Bit Axe
19:32 Horse Collar
33:06 Padded Archer Armor
Comend x comend
4:34 Loom
8:16 Loom
13:41 Feudal Age
17:29 Castle Age
15:39 Double-Bit Axe
16:06 Stone Mining
16:40 Horse Collar
20:15 Gold Mining
28:59 Wheelbarrow
31:31 Bow Saw
35:11 Imperial Age
33:59 Ballistics
34:36 Yeomen
34:31 Hand Cart
35:11 Heavy Plow
35:06 Fletching
35:17 Padded Archer Armor
36:23 Town Watch
37:10 Conscription
37:09 Town Patrol
37:11 Scale Mail Armor
37:27 Leather Archer Armor
37:07 Bodkin Arrow
39:17 Bracer
39:47 Ring Archer Armor
Connection lost

Rejoining the realm…

Still unreachable

The connection could not be restored.

Session expired

The server has moved on; the page needs a fresh start.